 Dungeon Crawl Stone Soup version 0.23.0 (webtiles) character file.

Game seed: 9828207551314404755

48 MalarOregon the Charmwright (level 3, -1/42 HPs)
             Began as a Merfolk Skald on Feb 16, 2019.
             Slain by a scorpion (2 damage)
             ... on level 2 of the Dungeon.
             The game lasted 00:01:48 (1414 turns).

MalarOregon the Charmwright (Merfolk Skald)         Turns: 1414, Time: 00:01:49

Health: -1/42      AC:  4    Str: 15 (16) XL:     3   Next: 72%
Magic:  6/6        EV: 12    Int: 11 (13) God:
Gold:   105        SH:  0    Dex: 10 (13) Spells: 5/6 levels left

rFire    . . .     SeeInvis .   a - +0 spear
rCold    . . .     Gourm    .   (no shield)
rNeg     . . .     Faith    .   b - +0 leather armour
rPois    .         Spirit   .   f - +0 helmet (curse)
rElec    .         Reflect  .   (no cloak)
rCorr    .         Harm     .   (no gloves)
MR       .....                  (no boots)
Stlth    ..........             (no amulet)
HPRegen  0.14/turn              (no ring)
MPRegen  0.10/turn              (no ring)

@: berserking (expiring), very quick
A: change form in water, swift swim, stealthy swim
a: no special abilities


You were on level 2 of the Dungeon.
You were not hungry.

You visited 1 branch of the dungeon, and saw 2 of its levels.

You collected 105 gold pieces.

Inventory:

Hand Weapons
 a - a +0 spear (weapon)
Armour
 b - a +0 leather armour (worn)
 f - a cursed +0 helmet (worn)
   (You found it on level 1 of the Dungeon)
Scrolls
 d - 2 scrolls of identify {unknown}
 i - 2 scrolls of remove curse {unknown}
 j - 2 scrolls of fear {unknown}
 k - a scroll of immolation {unknown}
Comestibles
 c - 3 chunks of flesh
 e - 9 rations {!d}


   Skills:
 + Level 2.7 Fighting
 + Level 3.5 Polearms
 + Level 1.1 Armour
 + Level 3.3 Dodging
 + Level 2.3 Spellcasting
 + Level 3.6 Charms


You had 5 spell levels left.
You knew the following spells:

 Your Spells              Type           Power        Failure   Level  Hunger
a - Infusion              Chrm           #...         8%          1    ##.....

Your spell library contained the following spells:

 Spells                   Type           Power        Failure   Level  Hunger
 Song of Slaying          Chrm           #.......     12%         2    ###....
 Shroud of Golubria       Chrm/Tloc      #.........   26%         2    ###....
 Regeneration             Chrm/Necr      #.........   45%         3    ####...
 Spectral Weapon          Hex/Chrm       #.......     45%         3    ####...


Dungeon Overview and Level Annotations

Branches:
Dungeon (2/15)

Altars:


Message History

Aim: a kobold You reach to attack!
You hit the kobold.
You kill the kobold!
No target in view!
There is an open door here.
A hobgoblin comes into view.
A hobgoblin is nearby!
A hobgoblin is nearby!
The hobgoblin shouts!
A scorpion comes into view.
Attack whom?
Aim: a scorpion You reach to attack!
You hit the scorpion but do no damage.
Attack whom?
Aim: a scorpion You reach to attack!
You hit the scorpion but do no damage. You hit the scorpion but do no damage.
The scorpion closely misses you.
You hit the scorpion. The hobgoblin closely misses you.
The scorpion stings you.
You hit the scorpion. The hobgoblin barely misses you.
The scorpion closely misses you.
You hit the scorpion. The hobgoblin hits you. The scorpion misses you.
You hit the scorpion. The hobgoblin hits you. The scorpion stings you.
You hit the scorpion but do no damage. The hobgoblin barely misses you.
The scorpion stings you!
* * * LOW HITPOINT WARNING * * *
There is an open door here.
Some of the chunks of flesh in your inventory have rotted away.
You hit the hobgoblin but do no damage. The hobgoblin hits you.
* * * LOW HITPOINT WARNING * * *
It was a potion of degeneration.
There was something very wrong with that liquid.
You feel weakened.
You feel dopey.
You feel clumsy. The hobgoblin hits you.
* * * LOW HITPOINT WARNING * * *
It was a potion of berserk rage.
A red film seems to cover your vision as you go berserk!
You feel yourself moving faster!
You feel mighty! The hobgoblin closely misses you.
You closely miss the hobgoblin. You barely miss the hobgoblin.
The hobgoblin hits you.
* * * LOW HITPOINT WARNING * * *
You puncture the hobgoblin!
You kill the hobgoblin!
You hit the scorpion. The scorpion stings you.
* * * LOW HITPOINT WARNING * * *
You closely miss the scorpion. You closely miss the scorpion.
The scorpion completely misses you.
You puncture the scorpion! The scorpion stings you.
You die...

#.# #.# #...# #......# #.#
#.# #...# #####+## #)## #.#
#...######## #..# #.#
#...'....... ##.# #.#
#...########
###.###.######.).# ..
#.........(.)....# .#
#.#..##..........# #.####.
#.##.##.......##@# .......
#.##..#.......##s# .......
#.###.#.########'####.......
#.# #.#.##### #.............
#.# #.#.....# #.............
..# #.......# #......######.
### ##......###......# ##
#.......##......# .#
#.>.....##.......


You could see a scorpion.

Vanquished Creatures
  2 dart slugs
  A leopard gecko (D:1)
  A giant cockroach (D:1)
  12 goblins
  9 hobgoblins
  4 kobolds
  2 bats
  A frilled lizard (D:2)
  3 rats
35 creatures vanquished.

Notes
Turn   | Place    | Note
-------+----------+-------------------------------------------
     0 | D:1      | MalarOregon the Merfolk Skald began the quest for the Orb.
     0 | D:1      | Reached XP level 1. HP: 16/16 MP: 3/3
   152 | D:1      | Reached XP level 2. HP: 22/22 MP: 5/5
   729 | D:2      | Reached skill level 1 in Armour
   799 | D:2      | Reached XP level 3. HP: 28/28 MP: 6/6
  1389 | D:2      | Noticed a scorpion
  1411 | D:2      | HP: 1/42 [scorpion (3)]
  1414 | D:2      | Slain by a scorpion

Skill      XL: |  1  2 |
---------------+-------+-----
Dodging        | 3 |  3.3
Armour         | 1 |  1.1
Fighting       | |  2.7
Polearms       | |  3.5
Spellcasting   | |  2.3
Charms         | |  3.6

Action                   || total
-------------------------++-------
Melee: Spear             ||   156
  Use: Potion            ||     2
  Eat: Chunk             ||     2
Armor: Leather armour    ||    18
Dodge: Dodged            ||    77
